 Dungeon Crawl Stone Soup version 0.28.0 (webtiles) character file.

Game seed: 1371924181170896076

59458 iguanaiguana the Black Sun (level 14, -6/110 HPs)
             Began as a Grey Draconian Hedge Wizard on Feb 13, 2022.
             Was a High Priest of Kikubaaqudgha.
             Killed from afar by a deep elf pyromancer (40 damage)
             ... with a bolt of fire
             ... on level 15 of the Dungeon.
             The game lasted 02:25:15 (36392 turns).

iguanaiguana the Black Sun (DrWz)                  Turns: 36392, Time: 02:25:16

Health: -6/110     AC: 19    Str: 13    XL:     14   Next: 53%
Magic:  12/25      EV: 18    Int: 20    God:    Kikubaaqudgha [*****.]
Gold:   1628       SH:  0    Dex: 18    Spells: 4/27 levels left

rFire   . . .      SeeInvis .   A - +10 bardiche of the Unliving {vorpal, Int+2}
rCold   . . .      Faith    .   (shield currently unavailable)
rNeg    . . .      Spirit   .   (armour unavailable)
rPois   +          Reflect  .   U - +2 hat
rElec   .          Harm     .   X - +1 cloak {rPois}
rCorr   .          Rampage  .   R - +1 pair of gloves
Will    +....                   (no boots)
Stlth   +++.......              (no amulet)
HPRegen 0.28/turn               l - +4 ring of evasion
MPRegen 0.19/turn               o - +6 ring of dexterity

@: marked
A: AC +13, amphibious, unfitting armour, cold-blooded
a: Renounce Religion, Receive Corpses, Torment


You were on level 15 of the Dungeon.
You worshipped Kikubaaqudgha.
Kikubaaqudgha was extremely pleased with you.
You visited 3 branches of the dungeon, and saw 22 of its levels.
You also visited: Gauntlet.

You collected 1628 gold pieces.

Inventory:

Hand Weapons
 A - the +10 bardiche of the Unliving (weapon) {vorpal, Int+2}
   (You found it on level 14 of the Dungeon)

   It inflicts extra damage upon your enemies.
   Int:       It affects your intelligence (+2).
 F - a +1 broad axe of flaming
Missiles
 h - a throwing net
 q - 22 poisoned darts
 Z - 2 curare-tipped darts
Armour
 b - a +0 buckler
 z - a scarf of shadows
 I - a +0 kite shield
 R - a +1 pair of gloves (worn)
 U - a +2 hat (worn)
 X - a +1 cloak of poison resistance (worn)
 Y - a +2 tower shield
Magical Staves
 p - a staff of death
 B - a staff of earth
Jewellery
 k - a ring of protection from fire
 l - a +4 ring of evasion (left hand)
 o - a +6 ring of dexterity (right hand)
 L - a ring of flight
 N - a ring of see invisible
 O - a ring of poison resistance
 P - a ring of resist corrosion
Wands
 c - a wand of acid (4) {@v1}
 r - a wand of iceblast (14) {@v2}
 C - a wand of mindburst (10)
 D - a wand of charming (3)
Scrolls
 a - a scroll of amnesia
 d - 4 scrolls of fog
 j - a scroll of immolation
 m - a scroll of magic mapping {@r5}
 n - 3 scrolls of enchant weapon
 s - 3 scrolls of vulnerability
 v - 7 scrolls of teleportation {@r3}
 x - 4 scrolls of blinking {@r4}
 y - a scroll of silence
 E - 3 scrolls of fear
 V - a scroll of summoning {unknown}
Potions
 e - 3 potions of curing {@q1}
 f - 2 potions of mutation
 i - 3 potions of berserk rage
 t - 4 potions of flight
 u - a potion of might {@q3}
 w - 2 potions of invisibility
 H - a potion of resistance {@q5}
 J - 3 potions of lignification
 M - a potion of haste {@q4}
 Q - 4 potions of brilliance
 S - a potion of ambrosia
 T - a potion of heal wounds {@q2}
 W - a potion of cancellation


   Skills:
 - Level 6.0 Fighting
 - Level 1.1(2.7) Axes
 - Level 4.0 Polearms
 - Level 5.0 Dodging
 - Level 5.6 Stealth
 - Level 10.3 Shields
 * Level 7.3 Spellcasting
 - Level 11.0 Conjurations
 - Level 2.0 Hexes
 - Level 5.0 Summonings
 + Level 11.7 Necromancy
 - Level 3.0 Translocations
 - Level 2.0 Air Magic
 + Level 8.1 Earth Magic
 - Level 9.0 Poison Magic


You had 4 spell levels left.
You knew the following spells:

 Your Spells              Type           Power      Damage    Failure   Level
a - Pain                  Necr           100%       1d9       1%          1
b - Animate Dead          Necr           26%        N/A       1%          4
c - Olgreb's Toxic Radia  Pois           43%        N/A       2%          4
d - Borgnjor's Vile Clut  Necr/Erth      23%        N/A       4%          5
e - Vampiric Draining     Necr           53%        2d9       1%          3
f - Mephitic Cloud        Conj/Pois/Air  36%        N/A       1%          3
g - Magic Dart            Conj           100%       1d8       1%          1
i - Blink                 Tloc           38%        N/A       4%          2

Your spell library contained the following spells:

 Spells                   Type           Power      Damage    Failure   Level
 Animate Skeleton         Necr           100%       N/A       1%          1
 Sting                    Tmut/Pois      100%       1d8       1%          1
 Call Imp                 Summ           27%        N/A       1%          2
 Corpse Rot               Necr/Air       68%        N/A       1%          2
 Poisonous Vapours        Pois/Air       58%        N/A       1%          2
 Sublimation of Blood     Necr           53%        N/A       1%          2
 Dispel Undead            Necr           53%        3d19      1%          4
 Conjure Flame            Conj/Fire      29%        6-21      2%          3
 Slow                     Hex            60%        N/A       4%          1
 Gell's Gravitas          Tloc           19%        N/A       8%          3
 Ignite Poison            Fire/Tmut/Pois 19%        N/A       8%          3
 Lesser Beckoning         Tloc           19%        N/A       8%          3
 Teleport Other           Tloc           19%        N/A       8%          3
 Ensorcelled Hibernation  Hex/Ice        22%        N/A       9%          2
 Flame Wave               Conj/Fire      29%        2d8       10%         4
 Confusing Touch          Hex            15%        N/A       12%         3
 Scorch                   Fire           14%        2d5       14%         2
 Agony                    Necr           53%        N/A       1%          5
 Excruciating Wounds      Necr           26%        N/A       1%          5
 Death Channel            Necr           26%        N/A       12%         6
 Freezing Cloud           Conj/Ice/Air   12%        6-21      38%         5
 Metabolic Englaciation   Hex/Ice        5%         N/A       86%         5
 Summon Cactus Giant      Summ           13%        N/A       87%         6
 Ozocubu's Refrigeration  Ice            3%         4d5       100%        7


Dungeon Overview and Level Annotations

Branches:
Dungeon (15/15)            Temple (1/1) D:6            Lair (6/6) D:9
  Swamp (0/4) Lair:2        Snake (0/4) Lair:2        Slime (0/5) Lair:5
    Orc (0/2) D:10         Vaults (0/5) D:14        Gauntlet (visited)
 Depths: D:15

Altars:
Ashenzari
Cheibriados
Dithmenos
Elyvilon
Fedhas
Gozag
Hepliaklqana
Kikubaaqudgha
Makhleb
Nemelex Xobeh
Okawaru
Qazlal
Ru
Sif Muna
Trog
Uskayaw
Vehumet
Wu Jian
Xom
Yredelemnul
Zin
The Shining One
Beogh
Jiyva

Annotations:
D:7 exclusions: gargoyle and 2 more exclusions, Joseph
D:8 3 runed translucent doors, crazypyro's ghost, novice HOBe
D:11 6 runed translucent doors, ooooo's ghost, journeyman OpCj
D:13 3 runed translucent doors, trckry's ghost, journeyman DrCj


Innate Abilities, Weirdness & Mutations

Your dull iron-grey scales are very hard. (AC +13)
You are amphibious.
You cannot fit into any form of body armour.
You are cold-blooded and may be slowed by cold attacks.


Message History

A centaur warrior comes into view.
The zombie hands constrict the death knight!
The death knight escapes!
The centaur warrior wields a +0 longbow.
The centaur warrior shoots an arrow.
The arrow barely misses you.
Casting: Olgreb's Toxic Radiance (mildly dangerous; 2% risk of failure)
Confirm with . or Enter, or press ? or * to list all spells.
Aiming: Borgnjor's Vile Clutch (dangerous; 4% risk of failure)
Press: ? - help, Shift-Dir - straight line, f/p - death knight
Aim: a death knight, wielding a +1 glaive and wearing a +0 chain mail (severely wounded, very poisoned, 100% to hit)
Zombie hands grab the death knight.
The zombie hands constrict the death knight.
The death knight offers itself to Yredelemnul, and fills with unholy energy.
The centaur warrior shoots an arrow.
The arrow hits you!!
The zombie hands constrict the death knight.
The death knight reflects your damage back at you!
The centaur warrior shoots an arrow.
The arrow misses you.
The death knight struggles to escape constriction.
The centaur warrior shoots an arrow.
The arrow hits you!
The death knight struggles to escape constriction.
The zombie hands constrict the death knight!
The death knight reflects your damage back at you!
A centaur warrior comes into view.
The centaur warrior shoots an arrow.
The arrow closely misses you.
A wolf spider comes into view.
A deep elf pyromancer comes into view. It is wielding a +0 long sword.
The centaur warrior wields a +0 shortbow.
The centaur warrior shoots an arrow.
The arrow hits you!
The death knight calls down the wrath of Yredelemnul upon you.
You struggle to resist.
The zombie hands constrict the death knight!
You kill the death knight!
Kikubaaqudgha accepts your kill.
The centaur warrior shoots an arrow.
The arrow completely misses you.
Your damage is reflected back at you!
The centaur warrior shoots an arrow.
The arrow hits you!
The centaur warrior shoots an arrow.
The arrow hits you!
The deep elf pyromancer gestures at you while chanting.
The bolt of fire hits you!!!
You die...
Kikubaaqudgha rasps: "You have failed me!
Welcome... death!"

..c.........
.........s.
e........|.
..........
#.).......
.........
#......c.
#@...#
#...## #####


You could see a wolf spider, 2 centaur warriors and a deep elf pyromancer.

Vanquished Creatures
  Snorg (D:12)
  A fire dragon (D:14)
  Fannar (D:12)
  A rakshasa (D:14)
  A boulder beetle (D:13)
  5 hydras
  An ogre mage (D:12)
  2 centaur warriors (D:14)
  5 two-headed ogres
  2 dancing weapons (D:14)
  Erica (D:11)
  A death knight (D:15)
  3 tengu warriors
  4 death yaks (Lair:3)
  Sonja (D:12)
  A wizard (D:14)
  An ugly thing (D:11)
  A deep elf pyromancer (D:13)
  Pikel (D:6)
  3 manticores
  10 cyclopes
  Maurice (D:10)
  8 elephants
  2 cane toads
  Maggie (D:7)
  2 gargoyles
  Psyche (D:9)
  8 komodo dragons
  5 kobold demonologists
  3 rime drakes
  An efreet (D:14)
  A tengu conjurer (D:14)
  4 polar bears
  A queen bee (D:9)
  6 trolls
  Prince Ribbit (D:7)
  17 blink frogs
  A shadow (D:13)
  A water elemental (D:14)
  4 wyverns
  48 yaks
  4 basilisks
  Grum (D:11)
  5 vampire mosquitoes
  2 nagas (Lair:2)
  A warg (D:12)
  2 acid dragons
  8 water moccasins
  An ice beast (D:7)
  A black bear (D:8)
  4 orc warriors
  6 ogres
  2 necrophages
  28 wolves
  3 centaurs
  A phantom (D:5)
  3 lemures
  A kobold brigand (D:6)
  7 bullfrogs
  A gnoll sergeant (D:7)
  A water moccasin skeleton (D:4)
  15 killer bees
  11 wights
  2 howler monkeys (D:14)
  4 electric eels
  4 hounds
  A jelly (D:5)
  2 orc priests
  5 centaur zombies
  A bullfrog skeleton (D:6)
  Jessica (D:3)
  4 iguanas
  8 orc wizards
  5 gnolls
  2 howler monkey skeletons
  3 white imps
  A worm (D:5)
  2 dart slugs
  41 orcs
  2 endoplasms (D:1)
  4 goblins
  2 hobgoblins (D:1)
  3 jackals
  2 ball pythons
  4 bats
  2 frilled lizards (D:1)
  10 kobolds
  2 rats (D:1)
388 creatures vanquished.

Vanquished Creatures (collateral kills)
  A two-headed ogre (D:8)
  2 cyclopes (D:12)
  A blink frog (Lair:4)
  5 yaks
  An orc warrior (D:8)
  An ogre (D:6)
  A lemure (D:8)
  2 scorpions
  A wyvern skeleton (D:6)
  3 killer bees (D:8)
  2 wights
  A centaur zombie (D:5)
  An orc priest (D:7)
  A bullfrog skeleton (D:6)
  Ijyb (D:3)
  An orc wizard (D:7)
  A howler monkey skeleton (D:6)
  4 adders
  6 gnolls
  An ufetubus (D:6)
  2 adder skeletons (D:4)
  A dart slug (D:4)
  23 orcs
  3 ball pythons
  4 endoplasms
  3 goblins
  A hobgoblin (D:4)
  8 jackals
  A bat (D:2)
  A frilled lizard (D:2)
  9 kobolds
  A rat (D:3)
94 creatures vanquished.

Vanquished Creatures (others)
  A white imp (Lair:6)
  47 fungi
  80 plants
128 creatures vanquished.

Grand Total: 610 creatures vanquished

Notes
Turn   | Place    | Note
-------+----------+-------------------------------------------
     0 | D:1      | iguanaiguana the Draconian Hedge Wizard began the quest for
                  | the Orb.
     0 | D:1      | Reached XP level 1. HP: 14/14 MP: 4/4
    21 | D:1      | Learned a level 1 spell: Slow
   145 | D:1      | Reached skill level 1 in Fighting
   310 | D:1      | Reached skill level 1 in Hexes
   389 | D:1      | Reached XP level 2. HP: 23/23 MP: 0/6
   462 | D:1      | Learned a level 2 spell: Blink
   465 | D:1      | Learned a level 2 spell: Call Imp
  1076 | D:1      | Reached XP level 3. HP: 28/28 MP: 4/7
  2142 | D:2      | You fall into a shaft and drop 1 floor!
  2323 | D:2      | Found a faded altar of an unknown god.
  2332 | D:2      | Noticed a necrophage
  2355 | D:2      | Killed a necrophage
  2356 | D:2      | Reached XP level 4. HP: 35/35 MP: 4/8
  2356 | D:2      | Reached XP level 5. HP: 40/40 MP: 4/9
  2775 | D:3      | Noticed Jessica
  2909 | D:3      | Killed Jessica
  2983 | D:3      | Noticed Ijyb
  3024 | D:3      | Killed Ijyb
  3660 | D:4      | Found a sparkling altar of Nemelex Xobeh.
  3732 | D:4      | Reached XP level 6. HP: 47/47 MP: 8/10
  4874 | D:4      | Reached skill level 5 in Summonings
  4905 | D:4      | Your scales start taking on a dull iron-grey colour.
  4905 | D:4      | Reached XP level 7. HP: 48/52 MP: 8/11
  5154 | D:5      | Entered Level 5 of the Dungeon
  5270 | D:5      | Reached skill level 1 in Poison Magic
  5775 | D:5      | Noticed an angel
  5777 | D:5      | Found a glowing silver altar of Zin.
  5778 | D:5      | Found a shimmering altar of Xom.
  6938 | D:6      | Reached skill level 5 in Conjurations
  7212 | D:5      | Reached XP level 8. HP: 58/61 MP: 10/12
  7458 | D:6      | Found an ornate altar of the Wu Jian Council.
  7501 | D:6      | Reached skill level 1 in Polearms
  7932 | D:6      | Found a staircase to the Ecumenical Temple.
  7939 | Temple   | Entered the Ecumenical Temple
  8134 | Temple   | Became a worshipper of Kikubaaqudgha
  8715 | D:7      | Noticed Prince Ribbit
  8755 | D:7      | Killed Prince Ribbit
  8941 | D:7      | Noticed a gargoyle
  9047 | D:7      | Noticed Joseph
  9139 | D:7      | Found a shimmering blue altar of Sif Muna.
  9168 | D:7      | Noticed Maggie
  9256 | D:7      | Killed Maggie
  9257 | D:7      | Reached XP level 9. HP: 44/71 MP: 7/13
  9552 | D:7      | Learned a level 3 spell: Vampiric Draining
  9556 | D:7      | Learned a level 3 spell: Mephitic Cloud
 10282 | D:8      | Found a runed translucent gate.
 10282 | D:8      | Found a runed translucent gate.
 10283 | D:8      | Found a runed translucent gate.
 10285 | D:8      | Noticed crazypyro's ghost (novice HOBe)
 10290 | D:8      | Noticed a two-headed ogre
 10488 | D:7      | Reached skill level 5 in Necromancy
 10836 | D:8      | Noticed a two-headed ogre
 10940 | D:8      | Noticed Pikel
 11095 | D:8      | Killed a two-headed ogre
 11096 | D:8      | Reached skill level 1 in Air Magic
 11237 | D:8      | Killed a two-headed ogre
 11238 | D:8      | Reached XP level 10. HP: 71/78 MP: 8/14
 11246 | D:7      | Reached * piety under Kikubaaqudgha
 11246 | D:7      | Received a gift from Kikubaaqudgha
 11477 | D:8      | Found a viscous altar of Jiyva.
 11567 | D:7      | Reached skill level 1 in Shields
 12072 | D:6      | Killed Pikel
 12440 | D:9      | Noticed Psyche
 12632 | D:9      | Noticed an elephant
 12753 | D:9      | Found a hide-covered altar of Uskayaw.
 12904 | D:9      | Found a snail-covered altar of Cheibriados.
 12950 | D:9      | Reached skill level 5 in Shields
 13217 | D:9      | Found a staircase to the Lair.
 13435 | D:9      | Noticed a smoke demon
 13748 | D:9      | Noticed a soul eater
 14243 | D:8      | Reached XP level 11. HP: 82/84 MP: 10/16
 14337 | D:9      | Learned a level 1 spell: Pain
 14926 | D:9      | Killed Psyche
 15138 | D:9      | Found a hazy altar of Hepliaklqana.
 15411 | D:9      | Found an opulent altar of Gozag.
 15489 | D:9      | Reached ** piety under Kikubaaqudgha
 15631 | D:10     | Entered Level 10 of the Dungeon
 15633 | D:10     | Got the Guide on Curses and Ice
 15695 | Lair:1   | Entered Level 1 of the Lair of Beasts
 16249 | D:9      | Reached skill level 5 in Fighting
 16400 | D:9      | Reached skill level 10 in Conjurations
 16761 | Lair:1   | Noticed a four-headed hydra
 16779 | Lair:1   | Killed a one-headed hydra
 16780 | Lair:1   | Reached skill level 5 in Stealth
 18001 | Lair:2   | Found a gate leading to a gauntlet.
 18031 | Gauntlet | Entered a Gauntlet
 18031 | Gauntlet | Found a transporter.
 18031 | Gauntlet | Found a transporter.
 18070 | Gauntlet | Found a transporter.
 18074 | Gauntlet | Found a transporter.
 18082 | Gauntlet | Found a transporter.
 18087 | Gauntlet | Found a transporter.
 18095 | Gauntlet | Found a transporter.
 18095 | Gauntlet | Noticed an obsidian statue
 18112 | Gauntlet | Noticed an entropy weaver
 18116 | Gauntlet | Found a transporter.
 18133 | Gauntlet | Found a transporter.
 18137 | Gauntlet | Found a transporter.
 18145 | Gauntlet | Found a transporter.
 18149 | Gauntlet | Found a transporter.
 18151 | Gauntlet | Noticed a wizard
 18426 | Lair:2   | Found a staircase to the Swamp.
 18549 | Lair:1   | Reached XP level 12. HP: 95/95 MP: 13/18
 18706 | Lair:2   | Found a staircase to the Snake Pit.
 18934 | Lair:2   | Reached *** piety under Kikubaaqudgha
 18934 | Lair:2   | Received a gift from Kikubaaqudgha
 18936 | Lair:2   | Reached skill level 1 in Axes
 18936 | Lair:2   | Reached skill level 5 in Dodging
 19649 | Lair:3   | You fall into a shaft and drop 3 floors!
 19649 | Lair:6   | Entered Level 6 of the Lair of Beasts
 19731 | Lair:4   | Noticed a six-headed hydra
 20088 | Lair:4   | Reached skill level 1 in Earth Magic
 20834 | Lair:3   | Reached skill level 5 in Spellcasting
 21130 | Lair:4   | Noticed a death yak
 21143 | Lair:4   | Noticed a death yak
 21236 | Lair:3   | Killed a death yak
 21461 | Lair:4   | Noticed a death yak
 21462 | Lair:4   | Noticed a death yak
 21493 | Lair:3   | Killed a death yak
 21808 | Lair:4   | Noticed a seven-headed hydra
 21818 | Lair:4   | Killed a seven-headed hydra
 22073 | Lair:4   | Learned a level 4 spell: Animate Dead
 22271 | Lair:4   | Killed a one-headed hydra
 22272 | Lair:4   | Reached skill level 5 in Poison Magic
 22475 | Lair:3   | Killed a death yak
 22878 | Lair:3   | Killed a death yak
 24188 | Lair:5   | Reached XP level 13. HP: 84/102 MP: 19/21
 24490 | Lair:5   | Reached **** piety under Kikubaaqudgha
 24520 | Lair:5   | Found a staircase to the Slime Pits.
 25810 | Lair:6   | Found a shimmering altar of Xom.
 27145 | D:10     | Found a staircase to the Orcish Mines.
 27419 | D:10     | Reached skill level 10 in Necromancy
 27426 | D:10     | Learned a level 5 spell: Borgnjor's Vile Clutch
 27532 | D:10     | Reached skill level 5 in Earth Magic
 27731 | D:10     | Found a glowing golden altar of the Shining One.
 27936 | D:10     | Noticed Maurice
 27976 | D:10     | Killed Maurice
 28060 | D:10     | Found a basalt altar of Yredelemnul.
 28338 | D:11     | Noticed Erica
 28542 | D:11     | Killed Erica
 28543 | D:11     | Reached skill level 10 in Shields
 28674 | D:11     | Noticed Grum
 28691 | D:11     | Killed Grum
 28866 | D:11     | Found a runed translucent door.
 28866 | D:11     | Noticed ooooo's ghost (journeyman OpCj)
 28898 | D:11     | Reached ***** piety under Kikubaaqudgha
 29198 | D:11     | Found the +9 staff of Olgreb {rPois∞}
 29201 | D:11     | Found a runed translucent door.
 29206 | D:11     | Found a runed translucent gate.
 29206 | D:11     | Found a runed translucent gate.
 29207 | D:11     | Found a runed translucent door.
 29217 | D:11     | Found a runed translucent gate.
 30375 | D:12     | Noticed Sonja
 30396 | D:12     | Killed Sonja
 30677 | D:12     | Noticed Snorg
 30847 | D:12     | Noticed an ettin
 30932 | D:12     | Learned a level 4 spell: Olgreb's Toxic Radiance
 31271 | D:12     | Noticed Fannar
 31285 | D:12     | Killed Fannar
 31552 | D:12     | Reached XP level 14. HP: 58/110 MP: 4/23
 31834 | D:12     | Paralysed by an ogre mage for 4 turns
 32563 | D:12     | Killed Snorg
 33108 | D:12     | Noticed a frost giant
 33792 | D:13     | Found a shimmering blue altar of Sif Muna.
 33917 | D:13     | Found a runed translucent gate.
 33918 | D:13     | Found a runed translucent gate.
 33918 | D:13     | Found a runed translucent gate.
 33920 | D:13     | Noticed trckry's ghost (journeyman DrCj)
 33921 | D:13     | Found the +5 scythe "Finisher" {speed, eviscerate}
 33925 | D:13     | Found an iron altar of Okawaru.
 34565 | D:14     | Found a gate to the Vaults.
 34869 | D:14     | Identified the +10 bardiche of the Unliving {vorpal, Int+2}
 36383 | D:15     | Entered Level 15 of the Dungeon
 36392 | D:15     | Killed from afar by a deep elf pyromancer

Illustrated notes

Levels and vault maps discovered:
D:1:      erik_arrival_orb_chamber, layout_basic, minmay_misc_feat_room,
          minmay_small_reverse_x
D:2:      layout_rooms, ebering_ecumenical_altar_rust
D:3:      layout_basic, uniq_jessica, uniq_ijyb
D:4:      layout_loops_corners, nemelex_dance_club_becter, minmay_bisected
D:5:      layout_layer_cave, grunt_temple_overflow_order_and_chaos_1,
          dk_noncrumbling_4
D:6:      layout_basic, kennysheep_little_box,
          minmay_temple_entry_statues_pillars
D:7:      minmay_blocky_corners, layout_loops_cross,
          nicolae_overflow_crystal_walls, hangedman_glass_teeth,
          uniq_prince_ribbit1, uniq_maggie, uniq_joseph
D:8:      layout_cave_pools, special_room [special_room_orc],
          gammafunk_ghost_ooze, amcnicky_mini_rare_corridor_liquid, uniq_pikel
D:9:      layout_long_grid, marbit_many_paths, nicolae_gozag_seed_capital,
          nicolae_uskayaw_dance_hall, mainiacjoe_overflow_alcove_4,
          david_lair_generic, nicolae_looking_at_the_future, uniq_psyche
D:10:     layout_long_grid, mainiacjoe_overflow_alcove_2,
          mainiacjoe_overflow_tiny_flanked, hiddenorc2_lemuel, uniq_maurice
D:11:     layout_loops_ring, hellmonk_ghost_big_iron,
          minmay_guarded_unrand_staff_of_olgreb, uniq_erica, uniq_grum
D:12:     giant_chief_lemuel, layout_loops_corners, kennysheep_nondescript,
          uniq_snorg, uniq_fannar, uniq_sonja
D:13:     layout_loops_ring, gammafunk_ghost_fury_of_okawaru, led_sif_pool
D:14:     layout_roguey, erik_vaults_1, kennysheep_pointless_box,
          chequers_serial_rivers_large_a
D:15:     grunt_enter_depths_giant_problem, layout_cave_pools,
          portal_ice_cave_entry_ice_statue_one
Temple:   minmay_temple_curvy_loop
Lair:1:   layout_regular_city
Lair:2:   layout_roguey, swamp_mist, guppyfry_snake_entry_island,
          gauntlet_entry_generic, infiniplex_staircase_pool_2
Lair:3:   layout_layer_cave, disabler_island, lemuel_fruit_fields,
          grunt_megastairs_3
Lair:4:   layout_layer_cave
Lair:5:   layout_small_grid, slime_dummy, serial_bayou_pond_e, lemuel_fruit_tree
Lair:6:   grunt_lair_end_beastmaster, layout_layer_cave, enter_volcano_4,
          basic_altar, bobbens_ice_dragon_lair

Skill      XL: |  1  2  3  4  5  6  7  8  9 10 11 12 13 14 |
---------------+-------------------------------------------+-----
Fighting       | 1 2 4 5 6 |  6.0
Hexes          | 1 2 |  2.0
Summonings     | 4 5 |  5.0
Translocations | 2 3 |  3.0
Conjurations   | 3 4 6 7 8 10 11 | 11.0
Poison Magic   | 2 4 5 7 9 |  9.0
Polearms       | 4 |  4.0
Dodging        | 2 4 5 |  5.0
Stealth        | 3 4 5 |  5.6
Necromancy     | 3 5 6 7 9 11 | 11.7
Air Magic      | 2 |  2.0
Shields        | 5 7 8 10 | 10.3
Spellcasting   | 4 5 6 7 |  7.3
Axes           | 1 |  1.1
Earth Magic    | 3 5 8 |  8.1

Action                   |  1- 3 |  4- 6 |  7- 9 | 10-12 | 13-15 || total
-------------------------+-------+-------+-------+-------+-------++-------
Melee: Spear             |    32 |    66 |    15 |    10 |       ||   123
       Punch             |     2 |       |       |       |       ||     2
       Tailslap          |     2 |    12 |    30 |   137 |   128 ||   309
       Glaive            |       |       |   286 |   350 |       ||   636
       Trident           |       |       |       |    43 |       ||    43
       Broad axe         |       |       |       |   343 |   522 ||   865
       Staff             |       |       |       |       |     2 ||     2
       Bardiche          |       |       |       |       |    26 ||    26
Throw: Dart              |       |       |       |    15 |     1 ||    16
       Throwing net      |       |       |       |     1 |       ||     1
 Cast: Magic Dart        |    52 |     9 |    13 |    19 |     1 ||    94
       Call Imp          |    16 |    28 |    95 |    39 |     1 ||   179
       Slow              |       |       |     2 |     2 |     1 ||     5
       Mephitic Cloud    |       |       |     4 |    95 |    87 ||   186
       Vampiric Draining |       |       |     2 |    82 |    57 ||   141
       Pain              |       |       |       |    46 |     4 ||    50
       Animate Dead      |       |       |       |     1 |     7 ||     8
       Borgnjor's Vile C |       |       |       |       |    56 ||    56
       Olgreb's Toxic Ra |       |       |       |       |    20 ||    20
Evoke: Wand              |       |       |     6 |    11 |     3 ||    20
  Use: Scroll            |       |     4 |     5 |     9 |    13 ||    31
       Potion            |       |     1 |       |     1 |     2 ||     4
 Stab: Sleeping          |     1 |     1 |     2 |       |     4 ||     8
       Distracted        |       |     1 |     7 |     5 |       ||    13
       Confused          |       |       |     2 |    73 |    63 ||   138
Armor: Skin              |    19 |    19 |   119 |   288 |   306 ||   751
Dodge: Dodged            |    29 |    37 |   322 |   853 |   529 ||  1770
Block: Kite shield       |       |       |       |   240 |   355 ||   595
       Buckler           |       |       |       |       |    44 ||    44
